 Dungeon Crawl Stone Soup version 0.29.0-13-gc9e81de378 (webtiles) character file.

Game seed: 14769338286557589712

5 Ofeo the Firebug (level 2, -1/20 HPs)
             Began as a Meteoran Fire Elementalist on Sept 9, 2022.
             Slain by a scorpion (4 damage)
             ... on level 4 of the Dungeon.
             The game lasted 00:01:39 (264 turns).

Ofeo the Firebug (Meteoran Fire Elementalist)        Turns: 264, Time: 00:01:39

Health: -1/20      AC:  2    Str:  9    XL:     2   Next: 5%
Magic:  6/6        EV: 12    Int: 16    God:
Gold:   23         SH:  0    Dex: 14    Spells: 5/6 levels left

rFire   + . .      SeeInvis .   (no weapon)
rCold   . . .      Faith    .   (no shield)
rNeg    . . .      Spirit   .   a - +0 robe
rPois   .          Reflect  .   (no helmet)
rElec   .          Harm     .   (no cloak)
rCorr   .          Rampage  .   (no gloves)
Will    .....                   (no boots)
Stlth   +.........              (no amulet)
HPRegen 0.06/turn               e - ring of protection from fire
MPRegen 0.10/turn               (no ring)

@: lethally poisoned (-1 -> -3), glowing
A: sense surroundings 1, otherworldly, glowing, explore regen
a: no special abilities


You were on level 4 of the Dungeon.
You visited 1 branch of the dungeon, and saw 4 of its levels.

You collected 23 gold pieces.

Inventory:

Armour
 a - a +0 robe (worn)
Jewellery
 e - a ring of protection from fire (left hand)
Scrolls
 c - a scroll of identify {unknown}
 d - a scroll of immolation {unknown}
 f - a scroll of teleportation {unknown}
 g - a scroll of magic mapping {unknown}


   Skills:
 + Level 2.5 Dodging
 + Level 1.5 Stealth
 + Level 2.8 Spellcasting
 + Level 1.4 Conjurations
 + Level 3.7 Fire Magic


You had 5 spell levels left.
You knew the following spells:

 Your Spells              Type           Power      Damage    Failure   Level
a - Foxfire               Conj/Fire      40%        2x1d6     7%          1

Your spell library contained the following spells:

 Spells                   Type           Power      Damage    Failure   Level
 Scorch                   Fire           28%        2d6       6%          2
 Conjure Flame            Conj/Fire      10%        6-21      21%         3
 Inner Flame              Hex/Fire       8%         N/A       26%         3
 Flame Wave               Conj/Fire      10%        2d6       54%         4


Dungeon Overview and Level Annotations

Branches:
Dungeon (4/15) Zot: 2134
 Temple: D:4-7

Altars:


Innate Abilities, Weirdness & Mutations

You passively map a small area around you.
You are easily found by Zot.
You glow in the dark.
You regain HP and MP as you explore.


Message History

The scorpion is moderately wounded.
The scorpion closely misses you. The scorpion stings you.
You take 3 damage, and have 8/20 hp.
You now have 3/6 mp.
Casting: Foxfire (safe; 7% risk of failure)
Confirm with . or Enter, or press ? or * to list all spells.
You conjure some foxfire!
You feel sick.
The foxfire hits the scorpion.
The scorpion is heavily wounded.
The foxfire hits the scorpion but does no damage.
The scorpion is heavily wounded.
The scorpion misses you.
You take 1 damage, and have 7/20 hp.
You now have 2/6 mp.
Casting: Foxfire (safe; 7% risk of failure)
Confirm with . or Enter, or press ? or * to list all spells.
You conjure some foxfire!
* * * LOW HITPOINT WARNING * * *
You feel sick.
The foxfire hits the scorpion but does no damage.
The scorpion is heavily wounded.
The foxfire hits the scorpion.
The scorpion is heavily wounded.
The scorpion barely misses you.
You take 2 damage, and have 5/20 hp.
You now have 1/6 mp.
Casting: Foxfire (safe; 7% risk of failure)
Confirm with . or Enter, or press ? or * to list all spells.
You conjure some foxfire!
* * * LOW HITPOINT WARNING * * *
You feel sick.
The foxfire hits the scorpion.
The scorpion is severely wounded.
The foxfire hits the scorpion but does no damage.
The scorpion is severely wounded.
The scorpion closely misses you.
You take 1 damage, and have 4/20 hp.
You now have 0/6 mp.
Magic courses through your body.
* * * LOW HITPOINT WARNING * * *
You feel sick.
The foxfire hits the scorpion.
The scorpion is almost dead.
The foxfire hits the scorpion but does no damage.
The scorpion is almost dead.
The scorpion stings you.
You die...

, #.#.#..# *####.#
#.#.#..# #..#.#
#.#.#### ,
,###..#.######.#.#####
, ....................,
* ,
*#......#....#..######
, #......#....#.......#
#...ยงยง.#..........<.#
#...@..#...#..#####.#
#...s......+..# *..
#..#.#.#...#..# ..
,.[...#.#.#...#..# #.
,..... #.#.#...#..# *.
...####.#.#...#..# *.
.........<.......#* . ,
...####.#######.##, ,
,* *#.. ..#*


You could see a scorpion.

Vanquished Creatures
  A dart slug (D:4)
  A hobgoblin (D:1)
  A bat (D:1)
  A kobold (D:1)
4 creatures vanquished.

Vanquished Creatures (others)
  31 foxfires
31 creatures vanquished.

Grand Total: 35 creatures vanquished

Notes
Turn   | Place    | Note
-------+----------+-------------------------------------------
     0 | D:1      | Ofeo the Meteoran Fire Elementalist began the quest for the
                  | Orb.
     0 | D:1      | Reached XP level 1. HP: 14/14 MP: 5/5
   192 | D:3      | You fall into a shaft and drop 1 floor!
   244 | D:4      | Reached XP level 2. HP: 12/20 MP: 3/6
   248 | D:4      | Noticed a scorpion
   264 | D:4      | Slain by a scorpion

Illustrated notes

Levels and vault maps discovered:
D:1:      psy_arrival_whirlpool, layout_loops_ring,
          dreamdust_ecumenical_altar_drowned_temple
D:2:      layout_rooms
D:3:      layout_loops_cross, uniq_natasha, uniq_crazy_yiuf_cottage
D:4:      layout_basic, marbit_many_paths, serial_shops, shop_statue,
          minmay_surrounded, uniq_robin

Action                   || total
-------------------------++-------
Melee: Unarmed           ||     4
 Cast: Foxfire           ||    18
  Use: Potion            ||     1
Armor: Robe              ||     3
Dodge: Dodged            ||    10
